Map: Temple gelé

Players

zidar

  • Race: Zerg Zerg
  • League: Platinum
  • Spawn Location: 11:00

rISTE - Winner!

  • Race: Zerg Zerg
  • League: Platinum
  • Spawn Location: 5:00

VOD

Have the link to the VOD?

Description

Time

  • Played on: Oct. 12, 2016, 2:17 p.m.
  • Length: 13:14
Show
View Real Time Build Order
Export as new Build Order

zidar Zerg 

Build Orders: Pool First 

Get SALT Encoding   

  12  0:02  Drone  
  13  0:08  Drone  
  13  0:13  Extractor  
  13  0:16  Drone  
  14  0:35  Spawning Pool  
  14  0:37  Drone  
  14  0:48  Overlord  
  14  0:58  Overlord  
  14  1:22  Queen  
  14  1:24  Zergling x4  
  18  1:26  Zergling x2  
  19  1:33  Metabolic Boost  
  19  1:43  Zergling x2  
  20  1:47  Zergling x2  
  21  2:09  Hatchery  
  21  2:11  Zergling x2  
  21  2:16  Zergling x2  
  22  2:41  Zergling x10  
  27  2:53  Zergling x2  
  24  3:28  Zergling x14  
  16  4:40  Zergling x8  
  16  4:41  Zergling x4  
  16  4:42  Baneling Nest  
  16  4:43  Queen  
  23  4:55  Roach Warren  
  23  4:57  Drone  
  24  5:21  Drone x3  
  26  5:40  Roach  
  26  5:41  Roach x3  
  34  5:49  Overlord  
  34  5:50  Overlord  
  36  6:32  Roach  
  36  6:33  Roach x4  
  44  6:56  Overlord x3  
  23  7:31  Zergling x4  
  23  7:32  Zergling x20  
  31  7:40  Baneling Nest  
  30  7:56  Zergling x12  
  36  8:04  Drone  
  37  8:12  Drone x2  
  39  8:16  Baneling x3  
  39  8:23  Baneling  
  39  8:24  Baneling  
  39  8:25  Baneling  
  39  8:27  Baneling x2  
  39  8:39  Lair  
  39  9:01  Pneumatized Carapace  
  39  9:18  Drone x2  
  39  9:19  Drone x6  
  47  9:48  Evolution Chamber  
  46  10:05  Baneling x5  
  46  10:06  Hatchery  
  45  10:08  Zergling x10  
  50  10:43  Spire  
  50  10:47  Extractor  
  50  10:48  Drone x9  
  57  10:53  Extractor  
  56  11:01  Extractor  
  51  11:55  Overseer  
  51  12:02  Overlord x2  
  51  12:03  Overlord  
  51  12:20  Mutalisk x4  
  51  12:22  Mutalisk  
  59  12:24  Extractor  
  59  12:27  Extractor  
Show
View Real Time Build Order
Export as new Build Order

rISTE Zerg - Winner!

Build Orders: Hatch First 

Get SALT Encoding   

  12  0:02  Drone  
  13  0:08  Drone  
  14  0:20  Extractor  
  13  0:21  Drone  
  13  0:23  Extractor, Drone  
  13  0:27  Overlord  
  16  0:47  Drone x2  
  18  1:01  Hatchery  
  18  1:03  Extractor, Drone  
  17  1:21  Spawning Pool  
  17  1:23  Drone  
  17  1:24  Drone  
  18  1:38  Drone  
  19  1:43  Drone  
  20  1:52  Overlord  
  20  2:11  Zergling x2  
  20  2:12  Queen, Baneling Nest  
  20  2:14  Queen  
  25  2:15  Zergling x2  
  25  2:17  Zergling x2  
  26  2:24  Drone  
  26  2:25  Drone  
  28  2:31  Metabolic Boost  
  28  2:43  Zergling x2  
  28  2:44  Zergling x2  
  30  3:00  Overlord, Drone x2  
  30  3:01  Zergling x2  
  33  3:09  Zergling x2  
  33  3:10  Zergling x2  
  27  3:25  Zergling x10  
  27  3:26  Zergling x2  
  24  3:43  Zergling x6  
  24  3:45  Baneling x4  
  17  4:30  Zergling x10  
  22  4:32  Baneling x2  
  22  4:38  Baneling  
  22  4:40  Drone  
  23  4:50  Drone x2  
  25  4:57  Queen  
  27  5:04  Baneling x2  
  27  5:12  Drone  
  27  5:13  Drone x2  
  30  5:22  Drone x3  
  33  5:32  Zergling x4  
  35  5:44  Queen, Zergling x4  
  39  5:55  Zergling x4  
  41  6:01  Evolution Chamber  
  41  6:02  Zergling x4  
  42  6:05  Baneling  
  42  6:06  Baneling x2, Drone x2  
  43  6:31  Overlord x3  
  43  6:36  Lair  
  43  6:50  Zergling x6  
  43  6:51  Zergling x2  
  47  6:59  Zergling x6  
  47  7:00  Zergling x2  
  51  7:04  Zergling x4  
  45  7:30  Drone  
  45  7:31  Drone x5  
  51  7:41  Zerg Melee Weapons Level 1  
  51  7:45  Drone x3  
  51  7:48  Extractor, Hydralisk Den  
  51  7:50  Baneling  
  52  7:58  Queen  
  52  7:59  Overlord x2  
  54  8:07  Drone  
  54  8:08  Overlord, Zergling x4, Drone  
  54  8:09  Zergling x4  
  60  8:24  Baneling x4  
  60  8:32  Evolution Chamber  
  59  8:38  Hydralisk x2  
  63  8:45  Extractor  
  62  8:54  Baneling  
  62  8:56  Baneling x2  
  62  9:02  Roach Warren  
  61  9:03  Drone  
  61  9:04  Drone x10  
  72  9:19  Zergling x10  
  77  9:35  Zerg Ground Armor Level 1  
  77  9:43  Roach x3  
  77  9:44  Roach x2  
  77  9:45  Zergling x6  
  90  10:06  Extractor  
  89  10:17  Roach  
  89  10:19  Overlord x4  
  91  10:22  Lurker Den  
  91  10:25  Overseer  
  91  10:46  Zerg Missile Weapons Level 1  
  91  10:47  Hatchery  
  91  10:48  Centrifical Hooks  
  90  10:51  Zergling x10  
  90  10:52  Zergling x12  
  92  11:37  Spore Crawler  
  91  11:41  Drone x5  
  91  11:42  Drone  
  97  11:52  Lurker x2  
  99  11:54  Hydralisk x5  
  109  12:15  Spore Crawler  
  109  12:17  Queen  
  109  12:19  Hydralisk x3  
  109  12:20  Hydralisk x3  
Tags
 
Add a new tag
Caveats
  • Supply blocks, unpowered buildings, or Contaminate may cause inaccurate times.
  • Supply counts are checked every 10 seconds.